cohdb
Replays
Latest Replays
All Replays
Popular Replays
Top Player Replays
Match Explorer
How It Works
Community
CoH3 Stats
Reddit
Sign in to upload your games and track your stats! →
Sign in with Steam
Match 42092603
Unlisted
Match 42092603
Overview
Messages
Build Orders
End
Kradschützen Motorcycle Team
Selects Panzerjäger Kommand Battlegroup
Panzergrenadier Squad
Panzerpioneer Squad
Panzergrenadier Squad
Construct Light Support Kompanie
Selects Mine Fields
Fire Support Elements
Veteran Squad Leaders
2.5-tonne Medical Truck
Panzerjäger Mechanized Group
Selects Tank Busters
Selects Defensive Positions
Construct Panzerarmee Kommand
Selects Butterfly Bomb Drop
Butterfly Bomb Drop
Panzerjäger Squad
Walking Stuka Rocket Launcher
Butterfly Bomb Drop
Panzer III L Medium Tank
Vehicle Survival Package
Tungsten Core Ammunition
Panzer III L Medium Tank
Selects Crew Shock Tactics
Emergency Repair Kits
Panzer III L Medium Tank
Rapid Advance
Selects Anti-tank Overwatch
Butterfly Bomb Drop
Advanced Field Repairs
Anti-tank Overwatch
TacticalVanguard
The Radiant Dawn
lilleplaskemand
[82AD] PaulVmax
Random_Target
A Chunky Chaffinch
0
0
Comments
sign in to comment!
No comments posted yet!